 Dungeon Crawl Stone Soup version 0.24-a0-19-g0b81bb8f68 (webtiles) character file.

Game seed: 294466235517497812

500 Raymar the Magician (level 6, -4/32 HPs)
             Began as a Deep Elf Wizard on Feb 1, 2019.
             Shot with an arrow by a centaur (9 damage)
             ... on level 5 of the Dungeon.
             The game lasted 00:21:09 (5477 turns).

Raymar the Magician (Deep Elf Wizard)               Turns: 5477, Time: 00:21:10

Health: -4/32      AC:  8    Str:  4    XL:     6   Next: 94%
Magic:  10/18      EV: 13    Int: 25    God:
Gold:   179        SH:  0    Dex: 13    Spells: 12/20 levels left

rFire    . . .     SeeInvis .   m - +3 dagger (speed)
rCold    . . .     Gourm    .   (no shield)
rNeg     . . .     Faith    .   a - +0 robe
rPois    .         Spirit   .   b - +0 hat
rElec    .         Reflect  .   (no cloak)
rCorr    .         Harm     .   (no gloves)
MR       +....                  (no boots)
Stlth    ++........             (no amulet)
HPRegen  0.10/turn              i - +6 ring of protection
MPRegen  0.16/turn              v - ring of protection from magic

@: no status effects
A: no striking features
a: no special abilities


You were on level 5 of the Dungeon.
You were not hungry.

You visited 1 branch of the dungeon, and saw 5 of its levels.
You also visited: Ossuary.

You collected 179 gold pieces.

Inventory:

Hand Weapons
 m - a +3 dagger of speed (weapon)
Missiles
 h - 58 stones (quivered)
Armour
 a - a +0 robe (worn)
 b - a +0 hat (worn)
Jewellery
 i - a +6 ring of protection (left hand)
 n - an uncursed ring of ice
 v - a ring of protection from magic (right hand)
Scrolls
 f - a scroll of enchant weapon
 g - 3 scrolls of teleportation
 k - a scroll of fog
 r - a scroll of immolation
 u - a scroll of remove curse
Potions
 c - 2 potions of heal wounds
 e - 2 potions of cancellation
 j - 2 potions of ambrosia {unknown}
 l - 5 potions of curing
 o - a potion of berserk rage {unknown}
 p - 2 potions of haste {unknown}
 q - a potion of lignification {unknown}
 s - 2 potions of agility {unknown}
 t - a potion of invisibility {unknown}
Comestibles
 d - 8 rations


   Skills:
 + Level 3.0 Dodging
 + Level 3.2 Stealth
 + Level 7.6 Spellcasting
 * Level 4.0 Conjurations
 + Level 1.0 Hexes
 + Level 3.5 Summonings
   Level 1.1 Translocations


You had 12 spell levels left.
You knew the following spells:

 Your Spells              Type           Power        Failure   Level  Hunger
a - Magic Dart            Conj           ####         1%          1    None
b - Call Imp              Summ           ####....     2%          2    None
c - Slow                  Hex            ##......     6%          2    None
d - Conjure Flame         Conj/Fire      ###.....     9%          3    None

Your spell library contained the following spells:

 Spells                   Type           Power        Failure   Level  Hunger
 Blink                    Tloc           N/A          6%          2    None
 Mephitic Cloud           Conj/Pois/Air  ###.....     11%         3    None


Dungeon Overview and Level Annotations

Branches:
Dungeon (5/15)
 Temple: D:4-7

Altars:
Gozag
Kikubaaqudgha
Okawaru
The Shining One

Shops:
D:4 *


Message History

The arrow closely misses your crimson imp.
The arrow barely misses you.
Your crimson imp barely misses the centaur.
You swap places.
The centaur shoots an arrow.
The arrow hits your crimson imp!
Your crimson imp dies!
The centaur shoots an arrow.
The arrow hits you but does no damage.
You see here an arrow.
The centaur shoots an arrow.
The arrow hits your crimson imp!
Your crimson imp dies!
Casting: Call Imp (safe; 2% risk of failure)
Confirm with . or Enter, or press ? or * to list all spells.
A beastly little devil appears in a puff of flame.
The centaur shoots an arrow.
The arrow hits you.
* * * LOW HITPOINT WARNING * * *
Casting: Call Imp (safe; 2% risk of failure)
Confirm with . or Enter, or press ? or * to list all spells.
A beastly little devil appears in a puff of flame.
The centaur shoots an arrow.
The arrow misses your crimson imp. The arrow hits you!
You die...

..................#..#
....................#
.......###.........##
.....### #..........#
....## ##.......#.##
....# #.......#### ##
...## #.....5## ..
..># #........#### .#
...# .......##.@#(##)#
..##
.......####[(5c'.#
#..# .......# ###.##%#
#... ...)... #..# #
....## ##..# ≈≈≈ ....
..##. .## # ##


You could see a centaur and 2 friendly crimson imps.

Vanquished Creatures
  An orc priest (D:3)
  A centaur skeleton (D:4)
  7 mummies (Ossuary)
  2 gnolls (D:3)
  5 adders
  An ooze (D:3)
  A dart slug (D:1)
  A leopard gecko (D:2)
  4 orcs
  A giant cockroach (D:4)
  6 goblins
  7 hobgoblins
  4 jackals
  2 quokkas
  A ball python (D:3)
  6 bats
  4 goblin skeletons
  4 hobgoblin zombies (D:4)
  8 kobolds
  2 kobold skeletons (Ossuary)
  3 orc skeletons
  An orc zombie (D:4)
  5 rats
  7 rat skeletons (Ossuary)
84 creatures vanquished.

Vanquished Creatures (collateral kills)
  A black bear (D:4)
  A water moccasin skeleton (D:4)
  A crimson imp (D:4)
  A worker ant (D:4)
  4 mummies (Ossuary)
  5 gnolls
  3 adders
  An adder skeleton (D:5)
  A worm (D:3)
  2 dart slugs
  A leopard gecko (D:2)
  2 orcs
  A giant cockroach (D:3)
  A goblin (D:3)
  A hobgoblin (D:4)
  2 jackals
  A frilled lizard (D:3)
  A gnoll skeleton (Ossuary)
  2 goblin skeletons
  A hobgoblin zombie (D:4)
  2 kobolds
  2 rats
  4 rat skeletons (Ossuary)
41 creatures vanquished.

Grand Total: 125 creatures vanquished

Notes
Turn   | Place    | Note
-------+----------+-------------------------------------------
     0 | D:1      | Raymar the Deep Elf Wizard began the quest for the Orb.
     0 | D:1      | Reached XP level 1. HP: 10/10 MP: 7/7
   495 | D:1      | Reached XP level 2. HP: 15/15 MP: 5/9
   499 | D:1      | Learned a level 2 spell: Call Imp
   560 | D:1      | Reached skill level 5 in Spellcasting
  1046 | D:2      | Reached XP level 3. HP: 19/19 MP: 3/11
  1547 | D:2      | Learned a level 2 spell: Slow
  1577 | D:2      | Noticed a centaur
  1893 | D:3      | Reached XP level 4. HP: 18/24 MP: 0/13
  2003 | D:3      | Learned a level 3 spell: Conjure Flame
  2198 | D:3      | Reached skill level 6 in Spellcasting
  2464 | D:3      | Found an opulent altar of Gozag.
  2582 | D:3      | Reached XP level 5. HP: 28/28 MP: 1/15
  2749 | D:3      | Found an ancient bone altar of Kikubaaqudgha.
  3370 | D:4      | Found a glowing golden altar of the Shining One.
  3441 | D:4      | Found a sand-covered staircase.
  3465 | Ossuary  | Entered an ossuary
  3597 | Ossuary  | Reached XP level 6. HP: 32/32 MP: 12/17
  3794 | Ossuary  | Reached skill level 7 in Spellcasting
  4582 | D:4      | Found Gozag's Platinum Reserve.
  4585 | D:4      | Found an opulent altar of Gozag.
  4767 | D:4      | Found an iron altar of Okawaru.
  5177 | D:4      | Reached skill level 1 in Hexes
  5333 | D:5      | Entered Level 5 of the Dungeon
  5393 | D:5      | Noticed a sky beast
  5477 | D:5      | Shot with an arrow by a centaur

Vault maps used:
D:1:      nzn_arrival_depleted_hourglass
D:2:      lightli_corner_chamber
D:3:      lemuel_crystal_altar, marbit_many_paths
D:4:      black_bear_nest_2, okawaru_altar_gauntlet_db,
          nicolae_tso_besieged_by_evil, enter_ossuary_1, first_ration,
          nicolae_gozag_zags_fifth_avenue
D:5:      minmay_temple_entry_water_ring, minmay_fractal_squares_gapless_5,
          uniq_blork_the_orc, uniq_crazy_yiuf_cottage
Ossuary:  ossuary_due_small_catacomb

Skill      XL: |  1  2  3  4  5  6 |
---------------+-------------------+-----
Spellcasting   | 5 6 7 |  7.6
Conjurations   | 2 3 4 |  4.0
Stealth        | 3 |  3.2
Summonings     | 2 3 |  3.5
Dodging        | 3 |  3.0
Hexes          | 1 |  1.0
Translocations | |  1.1

Action                   |  1- 3 |  4- 6 || total
-------------------------+-------+-------++-------
Melee: Dagger            |    16 |   124 ||   140
       Whip              |     2 |       ||     2
 Cast: Magic Dart        |    67 |   111 ||   178
       Call Imp          |    14 |    71 ||    85
       Conjure Flame     |       |     8 ||     8
       Slow              |       |     7 ||     7
  Use: Scroll            |     8 |     6 ||    14
       Potion            |       |     1 ||     1
 Stab: Distracted        |       |     1 ||     1
       Sleeping          |       |     1 ||     1
  Eat: Chunk             |     3 |     5 ||     8
       Ration            |       |     2 ||     2
Armor: Robe              |     2 |    32 ||    34
Dodge: Dodged            |    23 |   118 ||   141

Table legend:
 A = Non-vault XP
 B = Vault XP
 C = Vault XP percentage of total XP
 D = Non-vault monster count
 E = Vault monster count
 F = Vault count percentage of total count
                 A         B        C        D         E       F
            +---------+---------+-------+---------+---------+-------
      Total |     419 |     296 |  41.4 |      74 |      50 |  40.3
            +---------+---------+-------+---------+---------+-------
        D:1 |      26 |       0 |   0.0 |      14 |       0 |   0.0
        D:2 |      46 |       0 |   0.0 |      18 |       0 |   0.0
        D:3 |     206 |       2 |   1.0 |      35 |       1 |   2.8
        D:4 |     138 |     121 |  46.7 |       6 |      18 |  75.0
        D:5 |       3 |       5 |  62.5 |       1 |       2 |  66.7
    Ossuary |       0 |     168 | 100.0 |       0 |      29 | 100.0
            +---------+---------+-------+---------+---------+-------
